 Dungeon Crawl Stone Soup version 0.28.0-43-g3370ac3207 (webtiles) character file.

Game seed: 17294575671052635053

269 croobank the Firebug (level 6, -3/44 HPs)
             Began as a Gnoll Fire Elementalist on Mar 28, 2022.
             Killed from afar by Ijyb (7 damage)
             ... with a puff of flame
             ... on level 4 of the Dungeon.
             The game lasted 00:11:04 (3696 turns).

croobank the Firebug (Gnoll Fire Elementalist)      Turns: 3696, Time: 00:11:14

Health: -3/44      AC:  5    Str:  7    XL:     6   Next: 22%
Magic:  0/14       EV: 13    Int: 17    God:
Gold:   123        SH:  0    Dex: 12    Spells: 8/15 levels left

rFire   . . .      SeeInvis .   a - +0 hand axe (drain)
rCold   . . .      Faith    .   (no shield)
rNeg    . . .      Spirit   .   t - +0 robe
rPois   .          Reflect  .   (no helmet)
rElec   .          Harm     .   i - +2 cloak
rCorr   .          Rampage  .   (no gloves)
Will    .....                   (no boots)
Stlth   +++.......              (no amulet)
HPRegen 0.14/turn               k - ring of flight
MPRegen 0.14/turn               (no ring)

@: flying, hasted, very quick
A: fangs 1, strong nose, distributed training
a: no special abilities


You were on level 4 of the Dungeon.
You visited 1 branch of the dungeon, and saw 4 of its levels.

You collected 123 gold pieces.

Inventory:

Hand Weapons
 a - a +0 hand axe of draining (weapon)
 b - a +0 hunting sling
 p - a +0 war axe of electrocution
 u - a +0 whip of electrocution
Missiles
 c - 3 poisoned darts
 f - 49 stones
 g - 10 arrows
 m - 59 bolts
 w - 12 sling bullets
Armour
 e - a +0 ring mail
 i - a +2 cloak (worn)
 n - a +0 leather armour
 t - a +0 robe (worn)
Jewellery
 k - a ring of flight (left hand)
Wands
 o - a wand of flame (10)
 r - a wand of acid (6)
Scrolls
 j - a scroll of magic mapping {unknown}
 l - a scroll of fear {unknown}
 s - a scroll of teleportation {unknown}
 v - a scroll of immolation
Potions
 d - a potion of haste
 h - a potion of ambrosia
 q - 3 potions of curing


   Skills:
 + Level 1.8 Fighting
 + Level 1.8 Short Blades
 + Level 1.8 Long Blades
 + Level 1.8 Axes
 + Level 1.8 Maces & Flails
 + Level 1.8 Polearms
 + Level 1.8 Staves
 + Level 1.8 Slings
 + Level 1.8 Bows
 + Level 1.8 Crossbows
 + Level 1.8 Throwing
 + Level 1.8 Armour
 + Level 4.9 Dodging
 + Level 4.5 Stealth
 + Level 1.8 Shields
 + Level 1.8 Unarmed Combat
 + Level 5.3 Spellcasting
 + Level 2.6 Conjurations
 + Level 1.4 Hexes
 + Level 1.4 Summonings
 + Level 1.4 Necromancy
 + Level 1.4 Translocations
 + Level 1.4 Transmutations
 + Level 5.6 Fire Magic
 + Level 1.4 Ice Magic
 + Level 1.4 Air Magic
 + Level 1.4 Earth Magic
 + Level 1.4 Poison Magic
 + Level 2.0 Invocations
 + Level 1.8 Evocations


You had 8 spell levels left.
You knew the following spells:

 Your Spells              Type           Power      Damage    Failure   Level
a - Foxfire               Conj/Fire      72%        2x1d7     2%          1
b - Scorch                Fire           46%        2d7       1%          2
c - Flame Wave            Conj/Fire      18%        2d6       26%         4

Your spell library contained the following spells:

 Spells                   Type           Power      Damage    Failure   Level
 Conjure Flame            Conj/Fire      18%        6-21      8%          3
 Inner Flame              Hex/Fire       16%        N/A       10%         3
 Ensorcelled Hibernation  Hex/Ice        18%        N/A       12%         2
 Passwall                 Tmut/Erth      7%         N/A       12%         2
 Swiftness                Air            9%         N/A       22%         3


Dungeon Overview and Level Annotations

Branches:
Dungeon (4/15)
 Temple: D:4-7

Altars:

Annotations:
D:2 Terence
D:4 Ijyb


Innate Abilities, Weirdness & Mutations

You have very sharp teeth.
Your uncanny sense of smell can sniff out nearby items.
Your experience applies equally to all skills.


Message History

Ijyb hits you with a +0 club.
Ijyb zaps a wand.
The puff of flame hits you.
Your magical contamination has completely faded away.
You closely miss Ijyb.
Ijyb is severely wounded.
You closely miss the hobgoblin.
Ijyb is no longer more vulnerable to fire.
The hobgoblin hits you.
Ijyb zaps a wand.
The puff of flame hits you.
* * * LOW HITPOINT WARNING * * *
You barely miss Ijyb.
Ijyb is severely wounded.
You closely miss the hobgoblin. The hobgoblin barely misses you.
Ijyb misses you.
You hit Ijyb.
Ijyb is severely wounded.
You hit the hobgoblin. The hobgoblin barely misses you.
Ijyb closely misses you. The hobgoblin misses you.
You feel yourself speed up.
Ijyb zaps a wand.
The puff of flame hits you.
* * * LOW HITPOINT WARNING * * *
The hobgoblin hits you.
* * * LOW HITPOINT WARNING * * *
You see here a hobgoblin corpse.
You hit Ijyb but do no damage. You drain Ijyb.
Ijyb is severely wounded.
You completely miss Ijyb.
Ijyb is severely wounded.
Ijyb completely misses you.
You barely miss the hobgoblin.
The hobgoblin is almost dead.
The hobgoblin misses you.
You hit Ijyb but do no damage. You drain Ijyb.
Ijyb is almost dead.
You barely miss the hobgoblin. Ijyb hits you with a +0 club.
* * * LOW HITPOINT WARNING * * *
Casting: Flame Wave (quite dangerous; 26% risk of failure)
Confirm with . or Enter, or press ? or * to list all spells.
Flames lash the hobgoblin.
You kill the hobgoblin!
Ijyb screams, "Die!"
Ijyb zaps a wand.
The puff of flame hits you!
You die...

#....## #)....
##....## ....#
###...## ##...# #
####...####
#...##...
#.........##
##).......
#..........##
#...#
###...>.....##
##..#§§ov..
##.........###.).#
.....
##.......@.†...##
....
##.......g....#
... ##.##.......##
.. ####......## .
##)....# ##...##
##..# #..#


You could see Ijyb (drained).

Vanquished Creatures
  An ogre (D:3)
  Jessica (D:2)
  An iguana (D:4)
  2 orc wizards (D:4)
  A gnoll (D:1)
  An adder (D:2)
  A worm (D:2)
  A dart slug (D:2)
  6 orcs
  6 endoplasms
  3 giant cockroaches
  5 goblins
  5 hobgoblins
  6 jackals
  2 quokkas
  2 ball pythons
  5 bats
  2 kobolds
  2 rats (D:1)
53 creatures vanquished.

Vanquished Creatures (others)
  76 foxfires
76 creatures vanquished.

Grand Total: 129 creatures vanquished

Notes
Turn   | Place    | Note
-------+----------+-------------------------------------------
     0 | D:1      | croobank the Gnoll Fire Elementalist began the quest for
                  | the Orb.
     0 | D:1      | Reached XP level 1. HP: 13/13 MP: 6/6
   312 | D:1      | Found a faded altar of an unknown god.
   331 | D:1      | Reached XP level 2. HP: 20/20 MP: 4/7
   337 | D:1      | Learned a level 2 spell: Scorch
   492 | D:1      | Reached XP level 3. HP: 22/25 MP: 0/9
   618 | D:1      | Reached skill level 5 in Spellcasting
   819 | D:2      | Noticed Jessica
   824 | D:2      | Killed Jessica
   825 | D:2      | Reached skill level 1 in Fighting
   825 | D:2      | Reached skill level 1 in Short Blades
   825 | D:2      | Reached skill level 1 in Long Blades
   825 | D:2      | Reached skill level 1 in Axes
   825 | D:2      | Reached skill level 1 in Maces & Flails
   825 | D:2      | Reached skill level 1 in Polearms
   825 | D:2      | Reached skill level 1 in Staves
   825 | D:2      | Reached skill level 1 in Slings
   825 | D:2      | Reached skill level 1 in Bows
   825 | D:2      | Reached skill level 1 in Crossbows
   825 | D:2      | Reached skill level 1 in Throwing
   825 | D:2      | Reached skill level 1 in Armour
   825 | D:2      | Reached skill level 1 in Shields
   825 | D:2      | Reached skill level 1 in Unarmed Combat
   825 | D:2      | Reached skill level 1 in Invocations
   825 | D:2      | Reached skill level 1 in Evocations
   861 | D:2      | Reached XP level 4. HP: 32/32 MP: 4/11
  1021 | D:2      | Noticed Terence
  2249 | D:3      | Noticed an ogre
  2283 | D:3      | Learned a level 4 spell: Flame Wave
  2419 | D:3      | Killed an ogre
  2420 | D:3      | Reached skill level 1 in Hexes
  2420 | D:3      | Reached skill level 1 in Summonings
  2420 | D:3      | Reached skill level 1 in Necromancy
  2420 | D:3      | Reached skill level 1 in Translocations
  2420 | D:3      | Reached skill level 1 in Transmutations
  2420 | D:3      | Reached skill level 1 in Ice Magic
  2420 | D:3      | Reached skill level 1 in Air Magic
  2420 | D:3      | Reached skill level 1 in Earth Magic
  2420 | D:3      | Reached skill level 1 in Poison Magic
  2420 | D:3      | Reached XP level 5. HP: 37/37 MP: 5/12
  3465 | D:4      | Reached XP level 6. HP: 44/44 MP: 8/13
  3617 | D:4      | Noticed Ijyb
  3696 | D:4      | Killed from afar by Ijyb

Illustrated notes

Levels and vault maps discovered:
D:1:      dpeg_arrival_tiny_c, layout_rooms, basic_ecumenical_altar,
          nicolae_concentric_dashed_squares_wild
D:2:      layout_loops_cross, uniq_jessica, uniq_terence
D:3:      layout_basic, amcnicky_mini_corridor_feature
D:4:      layout_cave_pods, marbit_many_paths, uniq_ijyb,
          uniq_crazy_yiuf_cottage

Skill      XL: |  1  2  3  4  5 |
---------------+----------------+-----
Conjurations   | 2 |  2.6
Spellcasting   | 5 |  5.3
Fighting       | 1 |  1.8
Short Blades   | 1 |  1.8
Long Blades    | 1 |  1.8
Axes           | 1 |  1.8
Maces & Flails | 1 |  1.8
Polearms       | 1 |  1.8
Staves         | 1 |  1.8
Slings         | 1 |  1.8
Bows           | 1 |  1.8
Crossbows      | 1 |  1.8
Throwing       | 1 |  1.8
Armour         | 1 |  1.8
Shields        | 1 |  1.8
Unarmed Combat | 1 |  1.8
Invocations    | 1 2 |  2.0
Evocations     | 1 |  1.8
Hexes          | 1 |  1.4
Summonings     | 1 |  1.4
Necromancy     | 1 |  1.4
Translocations | 1 |  1.4
Transmutations | 1 |  1.4
Ice Magic      | 1 |  1.4
Air Magic      | 1 |  1.4
Earth Magic    | 1 |  1.4
Poison Magic   | 1 |  1.4
Dodging        | |  4.9
Stealth        | |  4.5
Fire Magic     | |  5.6

Action                   |  1- 3 |  4- 6 || total
-------------------------+-------+-------++-------
Melee: Dagger            |    11 |    25 ||    36
       Bite              |       |     6 ||     6
       Punch             |       |     2 ||     2
       Whip              |       |     2 ||     2
       Hand axe          |       |    16 ||    16
 Cast: Foxfire           |    25 |    21 ||    46
       Scorch            |     4 |    38 ||    42
       Flame Wave        |       |     2 ||     2
  Use: Scroll            |       |     9 ||     9
       Potion            |       |     3 ||     3
 Stab: Sleeping          |       |     1 ||     1
Armor: Robe              |     6 |     6 ||    12
Dodge: Dodged            |    10 |    37 ||    47
